 Dungeon Crawl Stone Soup version 0.19.1 (webtiles) character file.

736 Haldmier the Archer (level 7, -1/45 HPs)
             Began as a High Elf Hunter on Nov 27, 2016.
             Slain by a hornet zombie (6 damage)
             ... on level 5 of the Dungeon.
             The game lasted 00:18:37 (5841 turns).

Haldmier the Archer (High Elf Hunter)               Turns: 5841, Time: 00:18:37

Health: -1/45      AC:  5    Str: 11    XL:     7   Next: 46%
Magic:  8/8        EV: 12    Int: 15    God:
Gold:   181        SH:  0    Dex: 18    Spells: 0 memorised, 6 levels left

rFire  . . .     SeeInvis +     c - +1 flail (holy)
rCold  . . .     Gourm    .     B - +0 leather armour
rNeg   . . .     Faith    .     (no shield)
rPois  .         Spirit   .     y - +0 helmet
rElec  .         Reflect  .     z - +0 cloak
rCorr  .         Harm     .     (no gloves)
MR     .....                    (no boots)
Stlth  ++........               (no amulet)
                                r - ring of flight
                                h - ring of see invisible

@: no status effects
A: no striking features
a: Evoke Flight


You were on level 5 of the Dungeon.
You were hungry.

You visited 1 branch of the dungeon, and saw 5 of its levels.

You collected 181 gold pieces.

Inventory:

Hand Weapons
 a - a +1 shortbow
 b - a +0 short sword
 c - a +1 flail of holy wrath (weapon)
 o - a cursed -2 flail
Missiles
 d - 45 arrows
 A - 2 tomahawks (quivered)
Armour
 s - a +0 ring mail
 y - a +0 helmet (worn)
 z - a +0 cloak (worn)
 B - a +0 leather armour (worn)
Jewellery
 h - a ring of see invisible (left hand)
 r - a ring of flight (right hand)
 D - a +6 ring of strength {unknown}
Wands
 p - a wand of disintegration (24/24)
 x - a wand of polymorph (7/24)
 F - a wand of paralysis (12/24)
Scrolls
 g - a scroll of magic mapping
 i - a scroll of fear {unknown}
 k - a scroll of identify {unknown}
 m - a scroll of random uselessness
 v - 2 scrolls of teleportation
 w - 2 scrolls of noise {unknown}
Potions
 e - a potion of haste {unknown}
 j - a potion of brilliance {unknown}
 q - 3 potions of curing {unknown}
 u - a potion of flight {unknown}
 C - a potion of degeneration {unknown}
 H - a potion of agility {unknown}
Books
 n - a book of Misfortune

   Spells                             Type                      Level
   a - Confusing Touch                Hexes                        1
   b - Confuse                        Hexes                        3
   c - Gell's Gravitas                Hexes/Translocation          3
   d - Petrify                        Transmutation/Earth          4
   e - Metabolic Englaciation         Hexes/Ice                    5
   f - Yara's Violent Unravelling     Hexes/Transmutation          5
Comestibles
 f - 5 bread rations
 l - 3 meat rations
 t - a slice of pizza
 E - 4 beef jerkies


   Skills:
 - Level 2.0 Fighting
 + Level 11.8 Bows
 - Level 2.1 Dodging
 - Level 1.1 Stealth


You had 6 spell levels left.
You didn't know any spells.

Dungeon Overview and Level Annotations

Branches:
Dungeon (5/15)
 Temple: D:4-7

Altars:
Cheibriados
Zin
The Shining One

Annotations:
D:3 Scrolls behind grate


Message History

You closely miss the hornet zombie. The hornet zombie closely misses you.
You hit the hornet zombie.
The hornet zombie convulses.
The hornet zombie is lightly damaged.
The hornet zombie hits you! The hornet zombie hits you.
You take 17 damage, and have 28/45 hp.
MASSIVE DAMAGE!!
You completely miss the hornet zombie.
The hornet zombie is lightly damaged.
The hornet zombie hits you but does no damage.
The hornet zombie hits you.
You take 3 damage, and have 25/45 hp.
You closely miss the hornet zombie.
The hornet zombie is lightly damaged.
The hornet zombie closely misses you. The hornet zombie hits you!
You take 7 damage, and have 18/45 hp.
You hit the hornet zombie.
The hornet zombie convulses.
The hornet zombie is lightly damaged.
The hornet zombie hits you!
* * * LOW HITPOINT WARNING * * *
The hornet zombie hits you.
You die...

#.##....#..##.#
#.##....#..<#.#
#.##....#...#.#
#.##....#.....
#.##....##..###
####.##.#####..#
#..............###
#....##.#####....#
#....##.# ####@#
#....##.# #..Z.#
.######.# #.#### .
#.# # #.# #.# #.#


You could see a hornet zombie.

Vanquished Creatures
  Sigmund (D:2)
  A sky beast (D:4)
  Blork the orc (D:4)
  2 scorpions (D:4)
  A jelly (D:4)
  2 hounds (D:2)
  An orc priest (D:3)
  An orc wizard (D:3)
  Robin (D:3)
  A gnoll (D:2)
  2 adders (D:2)
  An ooze (D:3)
  A worm (D:2)
  3 leopard geckos
  17 orcs
  9 bats
  7 giant cockroaches
  15 hobgoblins
  6 jackals
  A quokka (D:4)
  2 frilled lizards
  14 goblins
  15 kobolds
  A quokka skeleton (D:4)
  8 rats
114 creatures vanquished.

Notes
Turn   | Place    | Note
-------+----------+-------------------------------------------
     0 | D:1      | Haldmier the High Elf Hunter began the quest for the Orb.
     0 | D:1      | Reached XP level 1. HP: 14/14 MP: 2/2
   239 | D:1      | Reached XP level 2. HP: 13/19 MP: 3/3
   490 | D:1      | Reached skill level 6 in Bows
  1088 | D:1      | Reached XP level 3. HP: 11/24 MP: 4/4
  1619 | D:1      | Found a glowing golden altar of the Shining One.
  1721 | D:2      | Noticed Sigmund
  1829 | D:2      | Reached skill level 7 in Bows
  2039 | D:2      | Reached XP level 4. HP: 29/29 MP: 5/5
  2399 | D:2      | Reached skill level 8 in Bows
  2410 | D:2      | Reached XP level 5. HP: 22/34 MP: 6/6
  2785 | D:2      | Killed Sigmund
  2785 | D:2      | Reached skill level 9 in Bows
  2785 | D:2      | Reached XP level 6. HP: 34/39 MP: 7/7
  3167 | D:3      | Reached skill level 10 in Bows
  3429 | D:3      | Found a glowing silver altar of Zin.
  3845 | D:3      | Noticed Robin
  4147 | D:3      | Found a snail-covered altar of Cheibriados.
  4156 | D:3      | Killed Robin
  4885 | D:4      | Noticed Blork the orc
  4894 | D:4      | Killed Blork the orc
  4894 | D:4      | Reached skill level 11 in Bows
  4894 | D:4      | Reached XP level 7. HP: 37/45 MP: 8/8
  5804 | D:5      | Entered Level 5 of the Dungeon
  5841 | D:5      | Slain by a hornet zombie

Skill      XL: |  1  2  3  4  5  6 |
---------------+-------------------+-----
Bows           | 6 7 8 9 11 | 11.8
Fighting       | |  2.0
Dodging        | |  2.1
Stealth        | |  1.1

Action                   |  1- 3 |  4- 6 |  7- 9 || total
-------------------------+-------+-------+-------++-------
Melee: Short sword       |   149 |   160 |     4 ||   313
       Flail             |       |    10 |     5 ||    15
 Fire: Shortbow          |    16 |   101 |    38 ||   155
  Use: Scroll            |       |     5 |       ||     5
 Stab: Sleeping          |     2 |     1 |       ||     3
  Eat: Chunk             |     4 |     7 |     4 ||    15
Armor: Leather armour    |    51 |    47 |     6 ||   104
Dodge: Dodged            |   117 |   114 |    14 ||   245
